Map: Rhoskallian LE

Players

Ekelpack

  • Race: Zerg Zerg
  • Spawn Location: 6:00

Nyck

  • Race: Terran Terran
  • Spawn Location: 5:00

headtrouser

  • Race: Terran Terran
  • Spawn Location: 12:00

Blackout

  • Race: Zerg Zerg
  • Spawn Location: 11:00

VOD

Have the link to the VOD?

Description

Time

  • Played on: Oct. 2, 2024, 1:52 p.m.
  • Length: 4:56
Show
View Real Time Build Order
Export as new Build Order

Ekelpack Zerg 

Build Orders: Hatch First 

Get SALT Encoding   

  12  0:00  Drone  
  13  0:13  Overlord  
  13  0:18  Drone  
  14  0:32  Drone x2  
  16  0:53  Hatchery, Drone  
  16  1:07  Spawning Pool  
  16  1:11  Drone  
  16  1:16  Drone, Extractor  
  16  1:25  Drone x2  
  18  1:38  Drone  
  19  1:50  Overlord  
  19  1:55  Queen  
  21  2:05  Queen  
  23  2:13  Drone x2  
  23  2:15  Drone  
  26  2:23  Drone x2  
  28  2:31  Drone x2  
  30  2:39  Drone, Overlord  
  31  2:51  Drone x2  
  33  2:53  Lair  
  33  3:02  Drone x2, Extractor  
  34  3:06  Drone x2  
  34  3:07  Drone  
  34  3:08  Extractor  
  34  3:10  Drone  
  37  3:15  Drone  
  37  3:16  Drone x2  
  37  3:17  Overlord  
  40  3:25  Zergling x4  
  42  3:28  Queen  
  42  3:33  Metabolic Boost  
  44  3:49  Extractor  
  44  3:50  Drone  
  44  3:51  Drone x3  
  44  3:54  Spire  
  46  4:13  Drone x3  
  46  4:15  Drone  
  46  4:16  Drone  
Show
View Real Time Build Order
Export as new Build Order

Nyck Terran 

Build Orders:  

Get SALT Encoding   

  12  0:00  SCV  
  13  0:12  SCV  
  14  0:20  Supply Depot  
  14  0:24  SCV  
  15  0:41  SCV  
  16  0:44  Barracks  
  16  0:53  SCV  
  16  0:54  Refinery  
  17  0:57  Refinery  
  17  1:06  SCV  
  18  1:18  SCV  
  19  1:30  SCV  
  20  1:34  Reaper  
  20  1:39  Barracks  
  21  1:45  Orbital Command  
  21  2:10  SCV  
  22  2:27  Command Center  
  22  2:43  SCV  
  22  2:55  Factory  
  22  2:56  Marine  
  23  3:07  Supply Depot  
  23  3:11  Marine  
  24  3:14  Marine  
  25  3:29  Marine  
  25  3:31  Marine  
  26  3:46  Marine  
  26  3:47  SCV  
  28  3:49  Marine  
  28  3:55  Factory Reactor  
  29  3:58  Factory  
  29  4:01  SCV  
  30  4:02  Supply Depot  
  30  4:04  Marine  
  30  4:07  Marine  
  32  4:12  Refinery  
  32  4:16  Orbital Command  
  31  4:32  Hellion  
Show
View Real Time Build Order
Export as new Build Order

headtrouser Terran 

Build Orders:  

Get SALT Encoding   

  12  0:00  SCV  
  13  0:12  SCV  
  14  0:20  Supply Depot  
  14  0:24  SCV  
  15  0:35  Refinery  
  15  0:42  SCV  
  16  0:49  Barracks  
  16  0:54  SCV  
  17  1:07  Barracks  
  17  1:12  SCV  
  18  1:27  SCV  
  19  1:38  Marine  
  19  1:39  SCV  
  21  1:51  SCV  
  22  1:56  Reaper  
  22  1:59  Supply Depot  
  23  2:09  Refinery  
  23  2:11  Orbital Command  
  23  2:20  Reaper  
  24  2:24  Supply Depot  
  24  2:28  Reaper  
  25  2:49  Factory  
  25  2:53  Reaper  
  26  3:13  Command Center  
  26  3:17  SCV  
  27  3:22  Supply Depot  
  27  3:30  SCV  
  28  3:37  Factory Tech Lab  
  27  3:48  Starport  
  27  3:56  Armory  
  27  4:00  Armory  
  27  4:05  SCV  
  28  4:12  Factory Tech Lab  
  28  4:22  SCV  
  29  4:24  Refinery  
  29  4:28  Refinery  
  29  4:34  SCV  
Show
View Real Time Build Order
Export as new Build Order

Blackout Zerg 

Build Orders: Hatch First 

Get SALT Encoding   

  12  0:00  Drone  
  13  0:24  Drone  
  14  0:29  Overlord  
  14  0:58  Hatchery  
  14  1:00  Spawning Pool  
  12  1:06  Overlord  
  12  1:12  Drone  
  12  1:16  Drone  
  14  1:22  Extractor  
  14  1:23  Drone  
  14  1:38  Drone  
  15  1:43  Drone  
  16  1:48  Queen  
  18  1:54  Drone  
  19  2:01  Drone  
  20  2:15  Zergling x4  
  22  2:20  Queen  
  22  2:22  Zergling x2  
  25  2:33  Zergling x4  
  27  2:46  Zergling x6  
  27  2:51  Metabolic Boost  
  30  2:54  Zergling x2  
  31  3:05  Zergling x4  
  33  3:12  Drone  
  34  3:16  Zergling x2  
  34  3:19  Overlord  
  35  3:26  Overlord  
  35  3:29  Drone  
  36  3:39  Zergling x4  
  36  3:40  Drone  
  39  3:44  Zergling x4  
  39  3:45  Zergling x4  
  43  3:58  Drone x3  
  43  3:59  Drone  
Tags
 
Add a new tag
Caveats
  • Supply blocks, unpowered buildings, or Contaminate may cause inaccurate times.
  • Supply counts are checked every 10 seconds.